 Dungeon Crawl Stone Soup version 0.29-a0-515-g7c1fb6cc08 (webtiles) character file.

Game seed: 7247187817447994032

37353 Colgate the Unseen (level 14, -3/88 HPs)
             Began as a Kobold Brigand on May 30, 2022.
             Was a High Priest of Wu Jian.
             Killed from afar by an efreet (26 damage)
             ... with a fireball
             ... in a volcano.
             The game lasted 01:15:59 (16790 turns).

Colgate the Unseen (Kobold Brigand)                Turns: 16790, Time: 01:15:59

Health: -3/88      AC: 24    Str:  9    XL:     14   Next: 28%
Magic:  14/14      EV: 28    Int: 13    God:    Wu Jian [*****.]
Gold:   677        SH:  9    Dex: 20    Spells: 13/13 levels left

rFire   . . .      SeeInvis .   b - +6 quick blade
rCold   . . .      Faith    .   G - +0 buckler
rNeg    . . .      Spirit   .   N - +0 acid dragon scales
rPois   .          Reflect  .   (no helmet)
rElec   .          Harm     .   c - +2 cloak
rCorr   +          Rampage  .   v - +2 pair of gloves
Will    +....                   g - +2 pair of boots
Stlth   ++........              l - amulet of regeneration
HPRegen 1.04/turn               t - +4 ring of protection
MPRegen 0.14/turn               D - +4 ring of protection

@: in a heavenly storm, glowing, very slow
A: small, no large weapons, nightstalker 3
a: Renounce Religion, Wall Jump, Serpent's Lash, Heavenly Storm


You were in a volcano.
You worshipped Wu Jian.
Wu Jian was extremely pleased with you.
You visited 3 branches of the dungeon, and saw 17 of its levels.
You also visited: Volcano.

You collected 1243 gold pieces.
You spent 566 gold pieces at shops.

Inventory:

Hand Weapons
 a - a +2 dagger of draining
 b - a +6 quick blade (weapon)
Missiles
 d - 30 poisoned darts (quivered)
 e - 3 curare-tipped darts
 r - 3 throwing nets {!f}
 u - 3 boomerangs
Armour
 c - a +2 cloak (worn)
 g - a +2 pair of boots (worn)
 q - a +2 robe of willpower
 v - a +2 pair of gloves (worn)
 G - a +0 buckler (worn)
 J - +0 swamp dragon scales
 L - +2 gold dragon scales
 N - +0 acid dragon scales (worn)
 O - a +0 kite shield of cold resistance
 P - +0 steam dragon scales
Jewellery
 l - an amulet of regeneration (around neck)
 s - an amulet of faith
 t - a +4 ring of protection (left hand)
 x - a ring of protection from cold
 C - a ring of wizardry
 D - a +4 ring of protection (right hand)
 T - a ring of ice
 U - a ring of resist corrosion
Wands
 n - a wand of acid (7) {@v1}
 y - a wand of polymorph (10)
 A - a wand of flame (6)
 E - a wand of paralysis (9)
 F - a wand of mindburst (19)
 S - a wand of digging (4) {@v3}
 V - a wand of iceblast (5) {@v2}
Scrolls
 f - 6 scrolls of teleportation {@r3}
 h - a scroll of torment
 w - a scroll of poison
 B - 2 scrolls of blinking {@r4}
 K - a scroll of immolation
 M - 4 scrolls of fog
 R - a scroll of summoning
 X - a scroll of fear {unknown}
Potions
 i - 3 potions of haste {@q4}
 j - 4 potions of heal wounds {@q2}
 k - 3 potions of attraction
 m - 6 potions of curing {@q1}
 o - 3 potions of resistance {@q5}
 p - 4 potions of might {@q3}
 z - 2 potions of berserk rage
 H - 4 potions of mutation
 I - 2 potions of cancellation
 Q - 3 potions of brilliance
 W - a potion of degeneration


   Skills:
 - Level 10.1 Fighting
 - Level 12.4 Short Blades
 - Level 4.0 Throwing
 - Level 3.1 Armour
 - Level 8.0 Dodging
 - Level 15.0 Stealth
 + Level 12.0 Shields
 - Level 6.4 Evocations


You had 13 spell levels left.
You didn't know any spells.
Your spell library contained the following spells:

 Spells                   Type           Power      Damage    Failure   Level
 Dazzling Flash           Conj/Hex       0%         N/A       89%         3
 Tukima's Dance           Hex            0%         N/A       89%         3
 Airstrike                Air            0%         N/A       100%        4
 Animate Dead             Necr           0%         N/A       100%        4
 Corpse Rot               Necr/Pois/Air  0%         N/A       100%        4
 Dispel Undead            Necr           0%         3d6       100%        4
 Passage of Golubria      Tloc           0%         N/A       100%        4
 Summon Lightning Spire   Summ/Air       0%         N/A       100%        4
 Agony                    Necr           0%         N/A       100%        5
 Iskenderun's Battlesphe  Conj           0%         2d6       100%        5
 Lightning Bolt           Conj/Air       0%         1d11      100%        5
 Silence                  Hex/Air        0%         N/A       100%        5
 Yara's Violent Unravell  Hex/Tmut       0%         3d3       100%        5
 Death Channel            Necr           0%         N/A       100%        6
 Iron Shot                Conj/Erth      0%         9d1       100%        6
 Haunt                    Necr/Summ      0%         N/A       100%        7
 Spellforged Servitor     Conj/Summ      0%         N/A       100%        7
 Infestation              Necr           0%         N/A       100%        8


Dungeon Overview and Level Annotations

Branches:
Dungeon (13/15)            Temple (1/1) D:5            Lair (3/6) D:11
    Orc (0/2) D:9         Volcano (1/1)
  Swamp: Lair:2-4    Shoals: Lair:2-4     Snake: Lair:2-4    Spider: Lair:2-4
 Vaults: D:13-14

Altars:
Ashenzari
Cheibriados
Dithmenos
Elyvilon
Fedhas
Gozag
Hepliaklqana
Kikubaaqudgha
Makhleb
Nemelex Xobeh
Okawaru
Qazlal
Ru
Sif Muna
Trog
Uskayaw
Vehumet
Wu Jian
Xom
Yredelemnul
Zin
The Shining One

Shops:
D:10 *?   D:11 [

Portals:
Abyss: D:10
Trove: D:12 (give 6 potions of haste)

Annotations:
D:9 3 runed translucent doors, Necrophagist's ghost, novice GrEE
D:10 2 transporters, bezhaha's ghost, novice DgEE


Innate Abilities, Weirdness & Mutations

You are small and have problems with some larger weapons.
You are completely attuned to the shadows.


Message History

You spin and attack the red draconian repeatedly.
You puncture the red draconian!
You hit the red draconian but do no damage.
You barely miss the red draconian.
You are covered in liquid flames!
You are no longer on fire.
The red draconian barely misses you.
You spin and attack the red draconian repeatedly.
You hit the red draconian. x2
You hit the red draconian but do no damage.
You hit the red draconian.
You kill the red draconian!
The Council accepts your kill.
Your Shields skill increases to level 12!
Aiming: Wall Jump
Aiming: Wall Jump
Aiming: Wall Jump You see here a +0 robe of fire resistance.
You enter the shallow water.
Moving in this stuff is going to be slow.
An efreet comes into view.
It is wielding a +0 scimitar of flaming.
Aiming: Wall Jump Really wall jump into a travel-excluded area?
Splash!
You repeatedly attack the efreet from above.
You hit the efreet. x2; You hit the efreet but do no damage.
You hit the efreet. x2
Your unstable footing causes you to fumble your attack. x2
You completely miss the efreet. You hit the efreet.
Your unstable footing causes you to fumble your attack.
The efreet gestures at you.
The fireball explodes!
The fireball engulfs you!
The fireball engulfs the efreet.
The efreet completely resists.
You block the efreet's attack.
The efreet hits you with a +0 scimitar of flaming!
* * * LOW HITPOINT WARNING * * *
The efreet burns you.
* * * LOW HITPOINT WARNING * * *
The efreet gestures at you.
The fireball explodes!
The fireball engulfs you!!
You die...

#######≈≈# #≈≈≈#*#≈≈### #
#≈§§###§§○☼#.#
≈≈§§§##☼☼§#..#
≈≈§§@§§#☼§○# ≈≈≈§§R§#§§☼○#
#≈≈§§○§§#☼§§##
≈#≈≈≈○≈≈#§§§##
≈≈≈≈≈≈#.☼☼§## #≈≈≈#..####
#.#...## #....##
#######++###''############


You could see an efreet and a neutral orb of fire (wandering).

Vanquished Creatures
  A red draconian (Volcano)
  A hydra (D:11)
  A vault guard (D:12)
  A centaur warrior (D:9)
  4 two-headed ogres
  Erolcha (D:11)
  2 boulder beetles (D:13)
  A catoblepas (D:9)
  3 death yaks (Lair:3)
  Lodul (D:11)
  A wizard (D:9)
  Pikel (D:7)
  An ugly thing (D:12)
  4 deep elf pyromancers
  4 cyclopes
  A manticore (D:12)
  2 salamanders (Volcano)
  4 gargoyles (Volcano)
  3 cane toads
  A molten gargoyle (Volcano)
  An unseen horror (D:10)
  Maggie (D:6)
  2 komodo dragons (Lair:3)
  2 rime drakes (Lair:2)
  A polar bear (Lair:2)
  A troll (D:11)
  A hornet (D:9)
  A meliai (D:9)
  39 yaks
  An unseen horror simulacrum (D:9)
  2 wraiths
  7 wyverns
  A basilisk (D:12)
  11 vampire mosquitoes
  4 steam dragons
  11 water moccasins
  3 acid dragons
  2 sky beasts
  Duvessa (D:7)
  3 ice beasts
  3 orc warriors
  3 black bears
  8 ogres
  8 wolves (Lair:3)
  14 centaurs
  2 lemures (D:7)
  A phantom (D:5)
  A kobold brigand (D:7)
  3 bullfrogs
  A gnoll sergeant (D:8)
  A necrophage (D:6)
  2 scorpions (D:6)
  18 wights
  25 killer bees
  A howler monkey (D:11)
  A hound (D:5)
  4 orc priests
  3 jellies
  2 gnoll shamans
  2 iguanas (D:6)
  11 orc wizards
  5 hell rats
  12 gnolls
  8 adders
  2 white imps
  An ufetubus (D:7)
  33 orcs
  9 endoplasms
  8 giant cockroaches
  11 goblins
  5 hobgoblins
  12 kobolds
  3 quokkas
  5 ball pythons
  7 bats
  7 frilled lizards
  6 rats
381 creatures vanquished.

Vanquished Creatures (others)
  A steam dragon (D:8)
  An orc wizard (D:8)
  A fungus (Lair:1)
3 creatures vanquished.

Grand Total: 384 creatures vanquished

Notes
Turn   | Place    | Note
-------+----------+-------------------------------------------
     0 | D:1      | Colgate the Kobold Brigand began the quest for the Orb.
     0 | D:1      | Reached XP level 1. HP: 12/12 MP: 1/1
   269 | D:1      | Reached XP level 2. HP: 17/17 MP: 2/2
  1073 | D:1      | Reached XP level 3. HP: 21/21 MP: 3/3
  1436 | D:2      | Reached skill level 5 in Short Blades
  1485 | D:2      | Reached XP level 4. HP: 27/27 MP: 4/4
  2055 | D:3      | Found an ornate altar of the Wu Jian Council.
  2083 | D:3      | Became a worshipper of the Wu Jian Council
  2320 | D:3      | Found a sparkling altar of Nemelex Xobeh.
  2340 | D:3      | Found a faded altar of an unknown god.
  2475 | D:3      | Found a sacrificial altar of Ru.
  2670 | D:3      | Reached XP level 5. HP: 32/32 MP: 5/5
  3120 | D:4      | Reached * piety under Wu Jian
  3180 | D:4      | Reached XP level 6. HP: 32/37 MP: 6/6
  3504 | D:4      | Found a broken altar of Ashenzari.
  3851 | D:5      | Entered Level 5 of the Dungeon
  3984 | D:5      | Reached skill level 6 in Stealth
  3984 | D:5      | Reached XP level 7. HP: 36/41 MP: 7/7
  4041 | D:5      | Found a staircase to the Ecumenical Temple.
  4047 | Temple   | Entered the Ecumenical Temple
  4887 | D:5      | Found a white marble altar of Elyvilon.
  4958 | D:6      | Reached skill level 7 in Stealth
  5036 | D:5      | Reached skill level 8 in Stealth
  5036 | D:5      | Reached XP level 8. HP: 48/48 MP: 8/8
  5080 | D:6      | Reached skill level 1 in Evocations
  5411 | D:6      | Reached ** piety under Wu Jian
  5500 | D:6      | Reached skill level 5 in Evocations
  5691 | D:6      | Noticed Maggie
  5693 | D:6      | Killed Maggie
  5694 | D:6      | Reached XP level 9. HP: 56/56 MP: 9/9
  5869 | D:7      | Noticed Pikel
  5872 | D:7      | Killed Pikel
  5882 | D:7      | Noticed Duvessa
  5883 | D:7      | Noticed Dowan
  5886 | D:7      | Noticed Dowan
  5886 | D:7      | Dowan changed into Dowan the ice beast
  5894 | D:7      | Killed Duvessa
  5914 | D:7      | Killed Dowan the ice beast
  5915 | D:7      | Reached skill level 9 in Stealth
  6102 | D:7      | Reached skill level 10 in Stealth
  6129 | D:7      | Found a glowing silver altar of Zin.
  6323 | D:7      | Reached skill level 10 in Short Blades
  6532 | D:7      | Reached XP level 10. HP: 61/61 MP: 10/10
  6904 | D:7      | Found a shimmering blue altar of Sif Muna.
  7135 | D:7      | Reached skill level 11 in Stealth
  7331 | D:8      | Reached *** piety under Wu Jian
  7352 | D:8      | Reached skill level 12 in Stealth
  7436 | D:8      | Reached skill level 5 in Dodging
  7844 | D:8      | Found a bloodstained altar of Trog.
  7877 | D:8      | Reached XP level 11. HP: 62/68 MP: 11/11
  8095 | D:9      | Noticed a catoblepas
  8170 | D:9      | Noticed a deep elf pyromancer
  8175 | D:9      | Killed a deep elf pyromancer
  8176 | D:9      | Reached skill level 13 in Stealth
  8202 | D:9      | Noticed a two-headed ogre
  8204 | D:9      | Reached **** piety under Wu Jian
  8206 | D:9      | Killed a two-headed ogre
  8270 | D:9      | Noticed a wizard
  8283 | D:9      | Killed a wizard
  8284 | D:9      | Reached skill level 10 in Fighting
  8308 | D:9      | Noticed a centaur warrior
  8323 | D:9      | Killed a centaur warrior
  8390 | D:9      | Identified the +1 war axe of the Mushroom {vorpal, MP-9
                  | Str+5}
  8489 | D:9      | Killed a catoblepas
  8748 | D:9      | Found a staircase to the Orcish Mines.
  8750 | D:9      | Reached XP level 12. HP: 77/77 MP: 12/12
  8870 | D:9      | Reached skill level 14 in Stealth
  9339 | D:9      | Found a burning altar of Makhleb.
  9365 | D:9      | Found a runed translucent gate.
  9366 | D:9      | Found a runed translucent gate.
  9367 | D:9      | Found a runed translucent gate.
  9373 | D:9      | Noticed Necrophagist's ghost (novice GrEE)
  9433 | D:10     | Entered Level 10 of the Dungeon
  9579 | D:10     | Reached skill level 15 in Stealth
  9623 | D:10     | Found a hide-covered altar of Uskayaw.
  9626 | D:10     | Found a shimmering altar of Xom.
  9626 | D:10     | Found an ancient bone altar of Kikubaaqudgha.
  9630 | D:10     | Found a hazy altar of Hepliaklqana.
  9848 | D:10     | Found a transporter.
  9902 | D:10     | Found a transporter.
  9922 | D:10     | Found a one-way gate to the infinite horrors of the Abyss.
  9922 | D:10     | Noticed bezhaha's ghost (novice DgEE)
 10059 | D:10     | Found Wegelas's General Store.
 10083 | D:10     | Bought a +5 quick blade for 462 gold pieces
 10193 | D:10     | Found Huazxuiq's Magic Scroll Shop.
 10198 | D:10     | Bought a scroll of summoning for 104 gold pieces
 10738 | D:11     | Found a staircase to the Lair.
 10741 | D:11     | Identified a scroll of acquirement
 10742 | D:11     | Acquired a +0 kite shield of cold resistance
 10819 | D:11     | Noticed Lodul
 10820 | D:11     | Found Kiekiavoas's Antique Armour Boutique.
 10823 | D:11     | Reached skill level 1 in Shields
 10823 | D:11     | Killed Lodul
 10864 | D:11     | Reached ***** piety under Wu Jian
 11167 | D:11     | Noticed a two-headed ogre
 11171 | D:11     | Killed a two-headed ogre
 11290 | D:11     | Noticed a two-headed ogre
 11298 | D:11     | Killed a two-headed ogre
 11337 | D:11     | You fall into a shaft and drop 2 floors!
 11417 | D:13     | Reached skill level 5 in Shields
 11454 | D:13     | Noticed a boulder beetle
 11456 | D:13     | Killed a boulder beetle
 11484 | D:13     | Noticed a boulder beetle
 11545 | D:13     | Killed a boulder beetle
 11640 | D:12     | Reached XP level 13. HP: 77/82 MP: 13/13
 12517 | D:12     | Identified the +0 pair of gloves of Measoy {rCorr Str+7
                  | Dex-4}
 13403 | D:12     | Noticed a vault guard
 13405 | D:12     | Killed a vault guard
 13408 | D:12     | Found a portal to a secret trove of treasure.
 13780 | D:11     | Noticed Erolcha
 13912 | D:11     | Killed Erolcha
 14178 | Lair:1   | Entered Level 1 of the Lair of Beasts
 14274 | Lair:1   | Noticed a six-headed hydra
 14325 | D:11     | Killed a six-headed hydra
 15220 | Lair:2   | Reached skill level 10 in Shields
 16309 | Lair:3   | Reached XP level 14. HP: 88/88 MP: 14/14
 16513 | Lair:3   | Found a dark tunnel.
 16519 | Volcano  | Entered a volcano
 16768 | Volcano  | Noticed a red draconian
 16784 | Volcano  | Killed a red draconian
 16786 | Volcano  | Noticed an orb of fire
 16790 | Volcano  | Killed from afar by an efreet

Illustrated notes

Levels and vault maps discovered:
D:1:      shiori_arrival_maze, layout_basic
D:2:      layout_basic, st_stairs_9
D:3:      kennysheep_six_static_rooms, layout_basic,
          mainiacjoe_overflow_alcove_1, nicolae_ru_the_path_less_chosen,
          lemuel_crystal_altar, chequers_ecumenical_altar_twisty,
          chequers_serial_rivers_room_a, saegor_snake_ambush
D:4:      layout_loops_ring, lemuel_round_altar, kennysheep_generic_room_2
D:5:      layout_gridville, overflow_temple_1_default,
          minmay_temple_entry_junction_2, corexii_leaking_fountain,
          nicolae_figureground_pulse
D:6:      layout_basic, corexii_shack, hangedman_abyss_or_decor_stagger,
          uniq_maggie
D:7:      layout_layer_cave, nicolae_overflow_crystal_walls,
          nicolae_sif_muna_little_library, enter_bailey_3, uniq_pikel,
          uniq_duvessa
D:8:      layout_rooms, general_overflow_altar, kennysheep_kite_vault
D:9:      minmay_cut_squares, layout_grid_maze, bloody_makhleb, orc_0_dummy,
          gammafunk_ghost_nasty_kobolds, minmay_misc_feat_room
D:10:     layout_irregular_city, grunt_temple_overflow_open, serial_shops,
          nicolae_shop_crystal, gammafunk_ghost_abyssal_escape,
          minmay_shop_grid_forest, st_stairs_2
D:11:     layout_roguey, lair_entry_dummy, nicolae_stop_n_shop_1, uniq_erolcha,
          uniq_lodul
D:12:     layout_stronghold, enter_trove_5
D:13:     layout_irregular_city
Temple:   nicolae_temple_figure_zero
Lair:1:   layout_loops_ring, serial_bayou_shore_b
Lair:2:   layout_hall_layers, serial_forest, infiniplex_forest_diagonal,
          infiniplex_forest_diagonal, infiniplex_forest_clump_curved,
          infiniplex_forest_clump_diagonal, infiniplex_forest_lined_2,
          infiniplex_forest_lined_room_3, infiniplex_forest_lined_2,
          infiniplex_forest_clump_tiny
Lair:3:   layout_gridlike, nicolae_volcano_entry_two_sided, evilmike_ambush
          [evilmike_ambush_outer_basic, evilmike_ambush_inner_basic],
          grunt_megastairs_2
Volcano:  hellmonk_zot_springs

Skill      XL: |  1  2  3  4  5  6  7  8  9 10 11 12 13 14 |
---------------+-------------------------------------------+-----
Short Blades   | 3 4 5 6 10 11 12 | 12.4
Fighting       | 3 4 6 8 10 | 10.1
Throwing       | 4 |  4.0
Dodging        | 3 4 6 8 |  8.0
Stealth        | 6 8 10 12 13 15 | 15.0
Evocations     | 5 6 |  6.4
Armour         | 3 |  3.1
Shields        | 6 10 12 | 12.0

Action                   |  1- 3 |  4- 6 |  7- 9 | 10-12 | 13-15 || total
-------------------------+-------+-------+-------+-------+-------++-------
Melee: Dagger            |    50 |   148 |   140 |    73 |    57 ||   468
       Punch             |     1 |     2 |     4 |     4 |       ||    11
       Short sword       |       |       |    77 |   320 |       ||   397
       Quick blade       |       |       |       |   253 |   518 ||   771
Throw: Dart              |       |       |     1 |     2 |       ||     3
Invok: Lunge             |       |    24 |    21 |    43 |    32 ||   120
       Whirlwind         |       |     1 |    17 |   101 |    74 ||   193
       Heavenly Storm    |       |       |       |       |     1 ||     1
 Abil: Wall Jump         |       |       |     1 |    42 |    15 ||    58
Evoke: Wand              |       |       |     2 |       |       ||     2
  Use: Scroll            |     4 |     6 |    10 |     9 |     4 ||    33
 Stab: Sleeping          |    22 |    27 |    14 |    54 |    52 ||   169
       Distracted        |       |       |     3 |     4 |       ||     7
Armor: Robe              |     8 |    24 |    23 |       |       ||    55
       Swamp dragon scal |       |       |    50 |    71 |       ||   121
       Acid dragon scale |       |       |       |    76 |    74 ||   150
Dodge: Dodged            |    15 |    48 |   127 |   210 |   116 ||   516
Block: Buckler           |       |       |       |    62 |    63 ||   125

Table legend: (Time is in decaauts)
 A = Elapsed time spent in this place.
 B = Non-inter-level travel time spent in this place.
 C = Inter-level travel time spent in this place.
 D = Time resting spent in this place.
 E = Time spent auto-exploring this place.
 F = Levels seen in this place.
 G = Mean time per level.
                   A        B        C        D        E       F      G
               +--------+--------+--------+--------+--------+-----+--------+
         Total |  16356 |  15589 |    767 |    179 |  12433 |  18 |  908.7 |
       Dungeon |  13889 |  13198 |    691 |     77 |  10496 |  13 | 1068.4 |
        Temple |    129 |    115 |     14 |      0 |    104 |   1 |  129.0 |
          Lair |   2065 |   2004 |     61 |      0 |   1733 |   3 |  688.3 |
       Volcano |    271 |    271 |      0 |    102 |    100 |   1 |  271.0 |
               +--------+--------+--------+--------+--------+-----+--------+

Top non-repeatable levels by time:
    D:12: 1985 daAuts
     D:9: 1418 daAuts
     D:1: 1382 daAuts
     D:7: 1290 daAuts
    D:11: 1270 daAuts
    D:10: 1142 daAuts
  Lair:2: 1000 daAuts
     D:5: 945 daAuts
     D:4: 928 daAuts
     D:6: 879 daAuts
     D:8: 878 daAuts
     D:3: 874 daAuts
  Lair:1: 737 daAuts
     D:2: 641 daAuts
  Lair:3: 327 daAuts
